AoeStats
← Kiminyua

Arena

506323983Analyzed
1v1 RM · 20d ago on Sep 13, 2026· 69m 59s· 2 players
Game mode
Random Map
Map size
Tiny (2 player)
Population
200
Speed
Normal
Resources
Standard
Victory
Conquest
Starting age
Dark Age
Ending age
Imperial Age
RankedLock teamsTeams togetherTeam positionsShared explorationLock speedFull tech treeHidden civsTurbo modeCheats
Victory
Defeat
🇬🇷 Slavs · Greece
266
+17
🇨🇴 Japanese · Colombia
290
-17
egw_eimai
9:56 Feudal Age
12:55 Double-Bit Axe
13:09 Gold Mining
16:35 Horse Collar
21:35 Castle Age
21:23 Stone Mining
22:23 Husbandry
22:35 Bloodlines
24:36 Gold Shaft Mining
25:51 Wheelbarrow
25:03 Town Watch
25:06 Loom
30:05 Hand Cart
31:33 Scale Barding Armor
32:16 Bow Saw
36:58 Imperial Age
36:27 Heavy Plow
37:12 Town Patrol
37:37 Forging
37:28 Scale Mail Armor
38:34 Crop Rotation
40:12 Scale Barding Armor
42:00 Cavalier
50:24 Man-at-Arms
51:05 Squires
52:47 Long Swordsman
55:06 Two-Handed Swordsman
58:12 Champion
58:39 Elite Boyar
Kiminyua
4:02 Loom
19:18 Feudal Age
23:27 Double-Bit Axe
24:51 Wheelbarrow
24:21 Horse Collar
29:23 Bloodlines
31:31 Man-at-Arms
32:43 Gold Mining
32:44 Stone Mining
34:24 Town Watch
40:17 Castle Age
42:57 Squires
42:18 Pikeman
46:38 Yasama
47:01 Heavy Plow
52:18 Hand Cart
52:45 Gold Shaft Mining
59:14 Light Cavalry
Connection lost

Rejoining the realm…

Still unreachable

The connection could not be restored.

Session expired

The server has moved on; the page needs a fresh start.